 Dungeon Crawl Stone Soup version 0.32-a0-931-g5a2cda0630 (webtiles) character file.

Game seed: 11639360287179013271

835 Ofeo the Poker (level 7, 0/51 (55) HPs)
             Began as a Coglin Berserker on Apr 14, 2024.
             Was a Priest of Trog.
             Slain by a wight
             ... wielding a +0 great sword
              (1 damage)
             ... on level 4 of the Dungeon.
             The game lasted 00:06:28 (5101 turns).

Ofeo the Poker (Coglin Berserker)                   Turns: 5101, Time: 00:06:28

HP:   0/51 (55)     AC: 13    Str: 20    XL:     7   Next: 99%
MP:   7/7           EV:  8    Int:  6    God:    Trog [***...]
Gold: 135           SH:  0    Dex: 13    Spells: 6/6 levels left

rFire   . . .        a - +0 spear {Amala}
rCold   . . .        b - +0 spear {Margit}
rNeg    . . .        y - +1 chain mail
rPois   .            e - +2 helmet
rElec   .            (no cloak)
rCorr   .            (no gloves)
SInv    .            (no boots)
Will    .....        (amulet unavailable) Stlth
                     (ring unavailable)
HPRegen 0.28/turn    (ring unavailable)
MPRegen 0.10/turn    (no gizmo)

%: no passive effects
@: drained, revved
A: off-hand wielding, slow wielding, warmup strikes, no jewellery
a: Invent Gizmo, Renounce Religion, Berserk, Trog's Hand


You were on level 4 of the Dungeon.
You worshipped Trog.
Trog was most pleased with you.
You visited 1 branch of the dungeon, and saw 4 of its levels.

You collected 135 gold pieces.

Inventory:

Hand Weapons
 a - a +0 spear (weapon) {Amala}
 b - a +0 spear (offhand) {Margit}
 c - a +0 dagger {Nittaya}
 d - a +0 short sword {Byeongho}
Missiles
 r - 6 javelins (quivered)
Armour
 e - a +2 helmet (worn)
 y - a +1 chain mail (worn)
Talismans
 f - a beast talisman
Wands
 h - a wand of light (6)
 l - a wand of flame (17)
Scrolls
 g - 2 scrolls of fog
 k - a scroll of teleportation {@r3}
 s - 4 scrolls of noise
 v - a scroll of fear
Potions
 i - a potion of mutation {unknown}
 j - a potion of attraction {unknown}
 m - a potion of cancellation
 n - a potion of brilliance
 q - a potion of curing {@q1}
 t - a potion of heal wounds {unknown}
 u - a potion of lignification {unknown}
 w - a potion of ambrosia {unknown}


   Skills:
 - Level 4.9 Fighting
 + Level 5.4 Polearms
 - Level 4.0 Armour
 - Level 4.0 Dodging


You had 6 spell levels left.
You didn't know any spells.
Your spell library was empty.

Dungeon Overview and Level Annotations

Branches:
Dungeon (4/15)
 Temple: D:4-7

Altars:
Cheibriados
Fedhas
Kikubaaqudgha
Qazlal
Trog
Xom
The Shining One


Innate Abilities, Weirdness & Mutations

You can wield a second weapon in your off-hand.
It takes a long time for you to wield or remove held weapons.
Your first few attacks do less damage.
You cannot equip rings or amulets.


Message History

You completely miss the wight with your +0 spear.
You barely miss the wight with your +0 spear.
The wight hits you with a +0 great sword.
You take 2 damage, and have 39/55 hp.
You barely miss the wight with your +0 spear.
You hit the wight with your +0 spear. The wight closely misses you.
You hit the wight with your +0 spear.
The wight is moderately damaged.
You hit the wight with your +0 spear.
The wight hits you with a +0 great sword.
You take 5 damage, and have 34/55 hp.
You barely miss the wight with your +0 spear.
The wight is heavily damaged.
You hit the wight but do no damage.
You barely miss the wight with your +0 spear.
The wight is heavily damaged.
You hit the wight with your +0 spear. The wight barely misses you.
You hit the wight with your +0 spear.
The wight is almost destroyed.
You hit the wight but do no damage. The wight barely misses you.
You barely miss the wight with your +0 spear.
The wight is severely damaged.
You closely miss the wight with your +0 spear.
The wight hits you with a +0 great sword!
You take 7 damage, and have 28/55 hp.
You closely miss the wight with your +0 spear.
The wight is severely damaged.
You hit the wight but do no damage.
The wight hits you with a +0 great sword!
* * * LOW HITPOINT WARNING * * *
You feel drained.
* * * LOW HITPOINT WARNING * * *
You take 14 damage, and have 14/53 hp.
MASSIVE DAMAGE!!
You barely miss the wight with your +0 spear.
The wight is severely damaged.
You hit the wight with your +0 spear.
The wight hits you with a +0 great sword!
* * * LOW HITPOINT WARNING * * *
You feel drained.
You die...

#..# ##.# #.# .# #.#
#.# .. #.# #.# g# #.#
#.# .# #.# #.# z# ##.#
#.# .#
#..########.########.#
##.###..........@zg...#
##.# #.#####.##########
##.# #.# #......z...#
##.# #.# ##########.#
##.# #.# ###.### ##.#
#.# #.....# ##.###.#
######.....# .......#
#.†<)......# #..#####
#.####....<#


You could see a wight and a hobgoblin.

Vanquished Creatures
  Sigmund (D:2)
  3 wights (D:4)
  3 orc priests
  2 bombardier beetles
  2 sleepcaps (D:4)
  Jessica (D:2)
  2 orc wizards
  Robin (D:2)
  4 gnolls (D:4)
  8 adders
  3 dart slugs
  2 ribbon worms (D:2)
  5 orcs
  6 endoplasms
  3 giant cockroaches
  13 goblins
  18 hobgoblins
  8 jackals
  3 quokkas
  8 ball pythons
  5 bats
  4 frilled lizards
  7 kobolds
  9 rats
121 creatures vanquished.

Notes
Turn   | Place    | Note
-------+----------+-------------------------------------------
     0 | D:1      | Ofeo the Coglin Berserker began the quest for the Orb.
     0 | D:1      | Reached XP level 1. HP: 18/18 MP: 1/1
    62 | D:1      | Reached XP level 2. HP: 24/24 MP: 2/2
   335 | D:1      | Reached skill level 3 in Polearms
   335 | D:1      | Reached XP level 3. HP: 20/29 MP: 3/3
   648 | D:1      | Reached ** piety under Trog
   962 | D:2      | Found a faded altar of an unknown god.
  1099 | D:2      | Noticed Sigmund
  1102 | D:2      | Reached XP level 4. HP: 31/35 MP: 4/4
  1122 | D:2      | Killed Sigmund
  1123 | D:2      | Reached XP level 5. HP: 27/42 MP: 5/5
  1178 | D:2      | Reached XP level 6. HP: 48/48 MP: 6/6
  1589 | D:2      | Noticed Robin
  1629 | D:2      | Killed Robin
  1947 | D:2      | Found a shimmering altar of Xom.
  1957 | D:2      | Noticed Jessica
  1967 | D:2      | Killed Jessica
  2535 | D:2      | Reached skill level 4 in Polearms
  2922 | D:3      | Found a blossoming altar of Fedhas.
  2939 | D:3      | Found an ancient bone altar of Kikubaaqudgha.
  3971 | D:4      | Reached XP level 7. HP: 55/55 MP: 7/7
  4053 | D:4      | Found a snail-covered altar of Cheibriados.
  4053 | D:4      | Noticed a torpor snail
  4154 | D:4      | Noticed a torpor snail
  4157 | D:4      | Noticed a torpor snail
  4283 | D:4      | Found a glowing golden altar of the Shining One.
  4681 | D:4      | Found a stormy altar of Qazlal.
  4719 | D:4      | Reached *** piety under Trog
  4882 | D:4      | Found a bloodstained altar of Trog.
  5085 | D:4      | Reached skill level 5 in Polearms
  5101 | D:4      | HP: 1/53 [wight/+0 great sword (13)]
  5101 | D:4      | Slain by a wight

Illustrated notes

Levels and vault maps discovered:
D:1:      heliophobic_arrival_ceremonial_halls, layout_rooms
D:2:      layout_basic, basic_altar, shapermc_ecumenical_altar_gd, uniq_jessica,
          uniq_robin, uniq_sigmund
D:3:      layout_basic, fedhas_altar_fruit_tree, kiku_gazebo_garden_becter
D:4:      layout_loops_ring, cheibriados_altar_2,
          mainiacjoe_overflow_cross_hatched, nicolae_tso_carved_into_rock,
          trog_hazing_becter, nicolae_ossuary_entry_catacombs

Skill      XL: |  1  2  3  4  5  6  7 |
---------------+----------------------+-----
Armour         | 2 3 4 |  4.0
Dodging        | 2 3 4 |  4.0
Polearms       | 3 4 5 |  5.4
Fighting       | 4 |  4.9

Action                     |  1- 3 |  4- 6 |  7- 9 || total
---------------------------+-------+-------+-------++-------
  Melee: Spear             |    73 |   150 |   181 ||   404
         Dagger            |    13 |       |       ||    13
         Short sword       |    50 |   133 |    92 ||   275
 Invoke: Berserk           |     1 |     2 |     2 ||     5
    Use: Scroll            |       |    10 |     1 ||    11
         Potion            |       |       |     3 ||     3
   Stab: Sleeping          |       |     2 |       ||     2
         Distracted        |       |     1 |       ||     1
 Armour: Animal skin       |    31 |    68 |       ||    99
         Chain mail        |       |    15 |    89 ||   104
  Dodge: Dodged            |    42 |    77 |    49 ||   168

Table legend: (Time is in decaauts)
 A = Elapsed time spent in this place.
 B = Non-inter-level travel time spent in this place.
 C = Inter-level travel time spent in this place.
 D = Time resting spent in this place.
 E = Time spent auto-exploring this place.
 F = Levels seen in this place.
 G = Mean time per level.
                   A        B        C        D        E       F      G
               +--------+--------+--------+--------+--------+-----+--------+
         Total |   5123 |   4907 |    216 |    451 |   3381 |   4 | 1280.8 |
       Dungeon |   5123 |   4907 |    216 |    451 |   3381 |   4 | 1280.8 |
               +--------+--------+--------+--------+--------+-----+--------+

Top non-repeatable levels by time:
     D:2: 1770 daAuts
     D:3: 1249 daAuts
     D:4: 1151 daAuts
     D:1: 950 daAuts
